 Dungeon Crawl Stone Soup version 0.23-a0-416-g33f1def (webtiles) character file.

4718 nujazz the Cleaver (level 10, -2/108 HPs)
             Began as a Minotaur Berserker on Nov 9, 2018.
             Was a High Priest of Trog.
             Slain by a nine-headed hydra (11 damage)
             ... on level 7 of the Dungeon.
             The game lasted 00:16:43 (5870 turns).

nujazz the Cleaver (Minotaur Berserker)             Turns: 5870, Time: 00:16:44

Health: -2/108     AC:  9    Str: 28    XL:     10   Next: 22%
Magic:  0/9        EV: 16    Int:  4    God:    Trog [*****.]
Gold:   405        SH:  5    Dex: 12    Spells: 9/9 levels left

rFire    + . .     SeeInvis .   t - +2 war axe (elec)
rCold    x . .     Gourm    .   a - +0 buckler
rNeg     + . .     Faith    .   x - +3 leather armour of Grace {rElec rN+}
rPois    +         Spirit   +   (helmet restricted)
rElec    +         Reflect  .   (no cloak)
rCorr    .         Harm     .   (no gloves)
MR       .....                  D - +2 pair of boots
Stlth    ..........             o - amulet of guardian spirit
HPRegen  0.28/turn              p - ring of poison resistance
MPRegen  0.11/turn              n - ring of fire

@: berserking, very quick
A: retaliatory headbutt, horns 2, frail 2, MP-powered wands, sturdy frame 1
a: Berserk, Trog's Hand, Brothers in Arms, Renounce Religion


You were on level 7 of the Dungeon.
You worshipped Trog.
Trog was extremely pleased with you.
You were not hungry.

You visited 1 branch of the dungeon, and saw 7 of its levels.

You collected 405 gold pieces.

Inventory:

Hand Weapons
 r - a +1 hand axe of flaming
 t - a +2 war axe of electrocution (weapon)
 z - a +0 fustibalus of velocity
Missiles
 i - 11 tomahawks (quivered)
 C - 6 javelins
Armour
 a - a +0 buckler (worn)
 h - a +1 chain mail of magic resistance
 x - the +3 leather armour of Grace (worn) {rElec rN+}
   (You found it on level 5 of the Dungeon)

   It insulates you from electricity.
   It protects you from negative energy.
 D - a +2 pair of boots (worn)
Jewellery
 n - a ring of fire (right hand)
 o - an amulet of guardian spirit (around neck)
 p - a ring of poison resistance (left hand)
 u - an uncursed ring of fire
Wands
 v - a wand of polymorph (9)
Scrolls
 d - 5 scrolls of remove curse {unknown}
 e - 2 scrolls of amnesia
 g - 6 scrolls of teleportation
 j - 2 scrolls of magic mapping {unknown}
 m - a scroll of enchant weapon {unknown}
 q - a scroll of fear {unknown}
 w - a scroll of blinking {unknown}
 y - 2 scrolls of identify
 A - 2 scrolls of random uselessness {unknown}
Potions
 b - a potion of resistance
 f - 2 potions of ambrosia
 k - 2 potions of might
 l - 3 potions of curing
 s - 4 potions of flight
 B - 3 potions of haste
Comestibles
 c - 3 rations


   Skills:
 + Level 9.4 Fighting
 * Level 12.5 Axes
 - Level 2.4 Armour
 + Level 8.3 Dodging
 - Level 4.1 Shields


You had 9 spell levels left.
You didn't know any spells.
Your spell library was empty.

Dungeon Overview and Level Annotations

Branches:
Dungeon (7/15)             Temple (0/1) D:7

Altars:
Ashenzari
Kikubaaqudgha
Yredelemnul
The Shining One

Annotations:
D:3 1 runed door


Innate Abilities, Weirdness & Mutations

You reflexively headbutt those who attack you in melee.
You have a pair of horns on your head.
You are very frail. (-20% HP)
You expend magic power (3 MP) to strengthen your wands.
Your movements are slightly less encumbered by armour. (ER -2)


Message History

* * * LOW HITPOINT WARNING * * *
You block the eight-headed hydra's attack.
The eight-headed hydra misses you. The eight-headed hydra bites you!
* * * LOW HITPOINT WARNING * * *
The eight-headed hydra bites you.
* * * LOW HITPOINT WARNING * * *
The eight-headed hydra bites you but does no damage.
The eight-headed hydra closely misses you.
The eight-headed hydra bites you.
* * * LOW HITPOINT WARNING * * *
You hack one of the eight-headed hydra's heads off!
The seven-headed hydra grows two more!
You slash the nine-headed hydra!
The nine-headed hydra is severely wounded.
You slice the hippogriff!!
You kill the hippogriff!
Trog accepts your kill. The nine-headed hydra bites you.
* * * LOW HITPOINT WARNING * * *
The nine-headed hydra bites you!
You die...

..©.......# #........##.......##
#########.# #.###.#### ........#
_.⌠._..©#.# #.##.## .........
........#.# #.#.## .........
#...##..#.# #.##.#### .........
8...8#..#.# #.###.#.# ..$.....=
#...##..#.# ##.# ##.## ......oD.
..©.....#.###..###.### ......†.#
#...##..#.....##@##..## .....[.##
8...8#..#....##†D.##..###.....###
#...##..#...##.....##..####.####.
........#...#.......##.(#... #..
........#...#.#####..##.#.= #..
#########...#.#......(#)#. #..
..©.........#.##..#####)# #..
#...######..#..##......)# #..
##.## #..##..##.....#########.


You could see a nine-headed hydra.

Vanquished Creatures
  Pikel (D:7)
  A hippogriff (D:7)
  Sigmund (D:2)
  2 vampires (D:7)
  2 hungry ghosts (D:7)
  Menkaure (D:7)
  Edmund (D:4)
  2 orc warriors
  3 phantoms
  2 ice beasts
  2 sky beasts (D:7)
  2 necrophages
  5 ogres
  A centaur (D:6)
  A big kobold (D:7)
  2 bullfrogs
  3 scorpions
  A killer bee (D:7)
  5 howler monkeys
  3 crimson imps
  A bullfrog zombie (D:5)
  3 hounds
  3 orc priests
  A jelly (D:7)
  4 orc wizards
  3 bullfrog skeletons
  Ijyb (D:4)
  2 iguanas
  Natasha (thrice) (D:3)
  6 worker ants
  A killer bee zombie (D:7)
  A hound skeleton (D:7)
  A worker ant zombie (D:7)
  3 gnolls (D:6)
  10 adders
  A shadow imp (D:3)
  An ooze (D:4)
  An adder zombie (D:5)
  A worm (D:3)
  4 dart slugs
  4 leopard geckos
  22 orcs
  7 bats
  5 giant cockroaches
  5 goblins
  12 hobgoblins
  5 jackals
  A quokka (D:5)
  5 frilled lizards
  2 jackal skeletons
  7 kobolds
  A leopard gecko zombie (D:6)
  A quokka skeleton (D:6)
  8 rats
177 creatures vanquished.

Vanquished Creatures (others)
  2 slaves (D:7)
  An adder simulacrum (D:7)
3 creatures vanquished.

Grand Total: 180 creatures vanquished

Notes
Turn   | Place    | Note
-------+----------+-------------------------------------------
     0 | D:1      | nujazz the Minotaur Berserker began the quest for the Orb.
     0 | D:1      | Reached XP level 1. HP: 19/19 MP: 0/0
   138 | D:1      | Reached skill level 4 in Axes
   174 | D:1      | Reached XP level 2. HP: 24/27 MP: 1/1
   552 | D:1      | Reached ** piety under Trog
   790 | D:2      | Reached XP level 3. HP: 31/33 MP: 2/2
   954 | D:2      | Noticed Sigmund
   970 | D:2      | Killed Sigmund
   970 | D:2      | Reached skill level 6 in Axes
   970 | D:2      | Reached XP level 4. HP: 9/41 MP: 3/3
   970 | D:2      | Reached XP level 5. HP: 10/47 MP: 4/4
  1274 | D:2      | Reached skill level 5 in Fighting
  1510 | D:3      | Reached XP level 6. HP: 48/56 MP: 5/5
  1559 | D:3      | Found a shattered altar of Ashenzari.
  1829 | D:3      | Noticed Natasha
  1832 | D:3      | Killed Natasha
  1843 | D:3      | Reached *** piety under Trog
  1916 | D:3      | Noticed Natasha
  1926 | D:3      | Killed Natasha
  2006 | D:3      | Noticed Natasha
  2011 | D:3      | Killed Natasha
  2063 | D:3      | Found a runed door.
  2514 | D:4      | Reached skill level 7 in Axes
  2527 | D:4      | Reached XP level 7. HP: 36/62 MP: 3/6
  2631 | D:4      | Noticed Edmund
  2632 | D:4      | Gained mutation: You are frail. (-10% HP) [potion of
                  | mutation]
  2632 | D:4      | Gained mutation: You are very frail. (-20% HP) [potion of
                  | mutation]
  2632 | D:4      | Gained mutation: Your movements are slightly less
                  | encumbered by armour. (ER -2) [potion of mutation]
  2632 | D:4      | Gained mutation: You expend magic power (3 MP) to
                  | strengthen your wands. [potion of mutation]
  2640 | D:4      | Killed Edmund
  2929 | D:4      | Reached skill level 8 in Axes
  2982 | D:4      | Noticed Ijyb
  2989 | D:4      | Killed Ijyb
  2989 | D:4      | Reached skill level 5 in Dodging
  3148 | D:4      | You fall through a shaft for 2 floors!
  3210 | D:6      | Found a glowing golden altar of the Shining One.
  3316 | D:6      | Reached XP level 8. HP: 56/56 MP: 7/7
  3404 | D:5      | Entered Level 5 of the Dungeon
  3427 | D:5      | Got a warped leather armour
  3438 | D:5      | Identified the +3 leather armour of Grace {rElec rN+} (You
                  | found it on level 5 of the Dungeon)
  3624 | D:5      | Reached skill level 9 in Axes
  3813 | D:5      | Reached **** piety under Trog
  4184 | D:5      | Reached skill level 10 in Axes
  4483 | D:6      | Reached XP level 9. HP: 53/64 MP: 6/8
  5053 | D:7      | Reached skill level 11 in Axes
  5083 | D:7      | Reached skill level 1 in Shields
  5108 | D:7      | Found a staircase to the Ecumenical Temple.
  5128 | D:7      | Found a transporter.
  5158 | D:7      | Found an ancient bone altar of Kikubaaqudgha.
  5159 | D:7      | Found a transporter.
  5163 | D:7      | Noticed Menkaure
  5169 | D:7      | Found a basalt altar of Yredelemnul.
  5355 | D:7      | Killed Menkaure
  5546 | D:7      | Reached skill level 12 in Axes
  5791 | D:7      | Noticed Pikel
  5792 | D:7      | Identified the ring "Zagiluugat" {+Fly Dex+2}
  5799 | D:7      | Killed Pikel
  5799 | D:7      | Reached XP level 10. HP: 72/72 MP: 9/9
  5803 | D:7      | Reached ***** piety under Trog
  5808 | D:7      | Noticed a six-headed hydra
  5870 | D:7      | Slain by a nine-headed hydra

Vault maps used:
D:1:      scummos_arrival_checkerplants, minmay_pentomino_x4
D:2:      uniq_sigmund
D:3:      cheibrodos_helix_gallery, ashenzari_conservatory_becter, first_ration,
          trog_eyes_of_draining, uniq_crazy_yiuf_cottage, uniq_natasha
D:4:      uniq_edmund, uniq_ijyb
D:6:      cheibrodos_barr_body, tso_altar
D:7:      minmay_the_grid_octo_tiled_squarecenter, gammafunk_temple_of_torment,
          lemuel_crystal_altar, minmay_temple_entry_crystal_x, uniq_pikel

Skill      XL: |  1  2  3  4  5  6  7  8  9 |
---------------+----------------------------+-----
Axes           | 4 6 7 8 10 12 | 12.5
Fighting       | 4 5 6 7 9 |  9.4
Dodging        | 3 4 5 6 8 |  8.3
Shields        | 4 |  4.1
Armour         | |  2.4

Action                   |  1- 3 |  4- 6 |  7- 9 | 10-12 || total
-------------------------+-------+-------+-------+-------++-------
Melee: Hand axe          |    62 |   103 |    25 |       ||   190
       Headbutt          |     8 |    15 |    60 |     4 ||    87
       War axe           |       |       |   230 |    19 ||   249
Throw: Tomahawk          |       |       |     2 |       ||     2
Invok: Berserk           |     1 |     1 |     3 |     1 ||     6
       Trog's Hand       |     1 |       |     4 |       ||     5
  Use: Scroll            |       |     5 |     3 |     1 ||     9
       Potion            |       |       |     3 |       ||     3
 Stab: Sleeping          |     1 |       |       |       ||     1
       Distracted        |       |       |       |     1 ||     1
  Eat: Ration            |       |     2 |     6 |       ||     8
Armor: Animal skin       |     4 |       |       |       ||     4
       Chain mail        |    17 |    44 |    18 |       ||    79
       Leather armour    |       |       |    55 |     9 ||    64
Dodge: Dodged            |    36 |    44 |   128 |    25 ||   233
Block: Buckler           |       |     4 |    24 |     6 ||    34

Table legend:
 A = Non-vault XP
 B = Vault XP
 C = Vault XP percentage of total XP
 D = Non-vault monster count
 E = Vault monster count
 F = Vault count percentage of total count
                 A         B        C        D         E       F
            +---------+---------+-------+---------+---------+-------
      Total |    3169 |    3572 |  53.0 |     142 |      35 |  19.8
            +---------+---------+-------+---------+---------+-------
        D:1 |      27 |       7 |  20.6 |      17 |       3 |  15.0
        D:2 |      54 |     238 |  81.5 |      12 |       1 |   7.7
        D:3 |     204 |      37 |  15.4 |      30 |       3 |   9.1
        D:4 |     422 |     200 |  32.2 |      15 |       2 |  11.8
        D:5 |     754 |      55 |   6.8 |      21 |       1 |   4.5
        D:6 |    1003 |     294 |  22.7 |      24 |       5 |  17.2
        D:7 |     705 |    2741 |  79.5 |      23 |      20 |  46.5
            +---------+---------+-------+---------+---------+-------
